 Dungeon Crawl Stone Soup version 0.29-a0-330-g52719c12eb (webtiles) character file.

Game seed: 4239064797779098342

50 Ajdolov the Ruffian (level 3, -2/30 HPs)
             Began as a Ghoul Warper on Apr 23, 2022.
             Slain by a gnoll
             ... wielding a +0 spear
              (8 damage)
             ... on level 2 of the Dungeon.
             The game lasted 00:02:19 (1533 turns).

Ajdolov the Ruffian (Ghoul Warper)                  Turns: 1533, Time: 00:02:20

Health: -2/30      AC:  3    Str: 16    XL:     3   Next: 79%
Magic:  4/4        EV: 11    Int:  8    God:
Gold:   104        SH:  0    Dex:  8    Spells: 5/5 levels left

rFire   . . .      SeeInvis .     - Unarmed
rCold   + . .      Faith    .   (no shield)
rNeg    + + +      Spirit   .   a - +0 leather armour
rPois   ∞          Reflect  .   (no helmet)
rElec   .          Harm     .   (no cloak)
rCorr   .          Rampage  .   (no gloves)
Will    .....                   (no boots)
Stlth   +.........              (no amulet)
HPRegen 0.00/turn               (no ring)
MPRegen 0.09/turn               (no ring)

@: inhibited regen
A: claws 1, cold resistance 1, negative energy resistance 3, inhibited
regeneration, torment resistance 2, devour on kill
a: no special abilities


You were on level 2 of the Dungeon.
You visited 1 branch of the dungeon, and saw 2 of its levels.

You collected 104 gold pieces.

Inventory:

Missiles
 c - 7 boomerangs of dispersal (quivered)
Armour
 a - a +0 leather armour (worn)
Scrolls
 b - a scroll of blinking
 e - 2 scrolls of teleportation {unknown}
 f - a scroll of vulnerability {unknown}
 g - a scroll of silence {unknown}
 h - 3 scrolls of identify {unknown}
 j - 2 scrolls of summoning {unknown}
 l - a scroll of amnesia {unknown}
Potions
 d - a potion of curing {unknown}
 i - a potion of haste {unknown}
 k - a potion of flight {unknown}


   Skills:
 + Level 2.9 Fighting
 - Level 0.8 Throwing
 - Level 0.8 Armour
 - Level 1.7 Dodging
 * Level 3.5 Unarmed Combat
 - Level 1.7 Spellcasting
 + Level 3.1 Translocations


You had 5 spell levels left.
You didn't know any spells.
Your spell library contained the following spells:

 Spells                   Type           Power      Damage    Failure   Level
 Blink                    Tloc           10%        N/A       19%         2
 Gell's Gravitas          Tloc           5%         N/A       36%         3
 Lesser Beckoning         Tloc           5%         N/A       36%         3
 Teleport Other           Tloc           5%         N/A       36%         3
 Manifold Assault         Tloc           5%         N/A       98%         5


Dungeon Overview and Level Annotations

Branches:
Dungeon (2/15)

Altars:


Innate Abilities, Weirdness & Mutations

You are immune to poison.
You have sharp fingernails.
Your flesh is cold resistant. (rC+)
You are immune to negative energy. (rN+++)
You do not regenerate when monsters are visible.
You are immune to unholy pain and torment.
You thrive by killing the living.


Message History

A kobold comes into view. It is wielding a +0 club.
The kobold shouts!
You claw the rat!
You kill the rat!
You claw the kobold!
You kill the kobold!
The kobold misses you.
You claw the kobold!
You kill the kobold!
No target in view!
No target in view!
Things that are here:
a +0 club; a kobold corpse; a rat corpse
Found a helmet.
Things that are here:
a +0 club; a kobold corpse No target in view!
A gnoll comes into view. It is wielding a +0 club.
You see here a +0 helmet.
A gnoll comes into view. It is wielding a +0 spear.
The gnoll shouts!
You scratch the gnoll but do no damage.
You hear a shout!
The gnoll completely misses you. The gnoll hits you with a +0 club.
The gnoll hits you from afar with a +0 spear.
Things that are here:
a +0 club; a kobold corpse; a rat corpse The gnoll attacks as you move away!
The gnoll hits you with a +0 club.
You barely miss the gnoll. The gnoll hits you with a +0 club.
You scratch the gnoll but do no damage.
The gnoll hits you from afar with a +0 spear.
The gnoll barely misses you.
You barely miss the gnoll.
The gnoll hits you from afar with a +0 spear.
The gnoll hits you with a +0 club!
* * * LOW HITPOINT WARNING * * *
You scratch the gnoll.
The gnoll is heavily wounded.
The gnoll hits you from afar with a +0 spear!
You die...

#### ..# #.#
####.## .....#
#.#..#########
#.##[#..)gg@....#
#.......)######.#
#.#####.## #..#
##... # #.# #.##
#...# ..# #.#
#...# #### #.#
#...# #.#
#####...#
#.#####........
###.##...........


You could see 2 gnolls.

Vanquished Creatures
  2 worms (D:2)
  2 dart slugs (D:1)
  4 bats
  2 endoplasms
  3 giant cockroaches
  6 goblins
  4 hobgoblins
  5 kobolds
  A quokka (D:1)
  2 ball pythons
  2 frilled lizards (D:1)
  6 rats
39 creatures vanquished.

Vanquished Creatures (others)
  A fungus (D:1)
  6 plants (D:1)
7 creatures vanquished.

Grand Total: 46 creatures vanquished

Notes
Turn   | Place    | Note
-------+----------+-------------------------------------------
     0 | D:1      | Ajdolov the Ghoul Warper began the quest for the Orb.
     0 | D:1      | Reached XP level 1. HP: 17/17 MP: 2/2
   250 | D:1      | Reached XP level 2. HP: 18/25 MP: 3/3
   771 | D:1      | Found a faded altar of an unknown god.
   797 | D:1      | Reached XP level 3. HP: 29/30 MP: 4/4
  1533 | D:2      | Slain by a gnoll

Illustrated notes

Levels and vault maps discovered:
D:1:      heliophobic_arrival_glass_houses, layout_basic,
          shapermc_ecumenical_altar_mp_ritualfount
D:2:      layout_loops_cross, uniq_crazy_yiuf_cottage

Skill      XL: |  1  2 |
---------------+-------+-----
Unarmed Combat | 3 |  3.5
Translocations | 3 |  3.1
Fighting       | |  2.9
Throwing       | |  0.8
Armour         | |  0.8
Dodging        | |  1.7
Spellcasting   | |  1.7

Action                   || total
-------------------------++-------
Melee: Unarmed           ||   147
       Punch             ||     2
Armor: Leather armour    ||    47
Dodge: Dodged            ||    86

Table legend: (Time is in decaauts)
 A = Elapsed time spent in this place.
 B = Non-inter-level travel time spent in this place.
 C = Inter-level travel time spent in this place.
 D = Time resting spent in this place.
 E = Time spent auto-exploring this place.
 F = Levels seen in this place.
 G = Mean time per level.
                   A        B        C        D        E       F      G
               +--------+--------+--------+--------+--------+-----+--------+
         Total |   1525 |   1511 |     14 |      0 |   1214 |   2 |  762.5 |
       Dungeon |   1525 |   1511 |     14 |      0 |   1214 |   2 |  762.5 |
               +--------+--------+--------+--------+--------+-----+--------+

Top non-repeatable levels by time:
     D:1: 1089 daAuts
     D:2: 435 daAuts
